 Dungeon Crawl Stone Soup version 0.29.1-15-g9cfb28693d (webtiles) character file.

Game seed: 8600949384768112689

103 MacCMillion the Shield-Bearer (level 4, 39/39 HPs)
             Began as a Minotaur Fighter on Mar 21, 2023.
             Quit the game on level 3 of the Dungeon on Mar 22, 2023.
             The game lasted 00:03:28 (2469 turns).

MacCMillion the Shield-Bearer (Minotaur Fighter)    Turns: 2469, Time: 00:03:29

Health: 39/39      AC:  7    Str: 23    XL:     4   Next: 51%
Magic:  3/3        EV:  9    Int:  5    God:
Gold:   79         SH:  4    Dex:  9    Spells: 3/3 levels left

rFire   . . .      SeeInvis .   a - +0 war axe
rCold   . . .      Faith    .   c - +0 buckler
rNeg    . . .      Spirit   .   b - +0 scale mail
rPois   .          Reflect  .   (helmet restricted)
rElec   .          Harm     .   (no cloak)
rCorr   .          Rampage  .   (no gloves)
Will    ++...                   (no boots)
Stlth   ..........              (no amulet)
HPRegen 0.13/turn               h - ring of willpower
MPRegen 0.08/turn               q - ring of willpower

@: no status effects
A: horns 2, retaliatory headbutt
a: no special abilities


You were on level 3 of the Dungeon.
You visited 1 branch of the dungeon, and saw 3 of its levels.

You collected 79 gold pieces.

Inventory:

Hand Weapons
 a - a +0 war axe (weapon)
Missiles
 s - 3 javelins (quivered)
Armour
 b - a +0 scale mail (worn)
 c - a +0 buckler (worn)
Jewellery
 h - a ring of willpower (left hand)
 q - a ring of willpower (right hand)
Scrolls
 k - a scroll of immolation {unknown}
 l - a scroll of enchant weapon {unknown}
 m - a scroll of magic mapping {unknown}
 n - a scroll of blinking {unknown}
 o - a scroll of amnesia {unknown}
 p - a scroll of vulnerability {unknown}
 r - a scroll of noise {unknown}
Potions
 d - a potion of might
 e - a potion of brilliance {unknown}
 f - a potion of magic {unknown}
 g - a potion of flight {unknown}
 i - 2 potions of lignification {unknown}
 j - 4 potions of heal wounds {unknown}


   Skills:
 - Level 3.6 Fighting
 + Level 4.7 Axes
 - Level 3.7 Armour
 - Level 5.0 Shields


You had 3 spell levels left.
You didn't know any spells.
Your spell library was empty.

Dungeon Overview and Level Annotations

Branches:
Dungeon (3/15)

Altars:
Sif Muna


Innate Abilities, Weirdness & Mutations

You have a pair of horns on your head.
You reflexively headbutt those who attack you in melee.


Message History

A hobgoblin is nearby!
A hobgoblin is nearby!
A hobgoblin is nearby!
No reachable target in view!
No reachable target in view!
The hobgoblin shouts!
You hit the hobgoblin.
You headbutt the hobgoblin, but do no damage.
The hobgoblin is severely wounded.
The hobgoblin hits you but does no damage.
You block the hobgoblin's attack.
You slash the hobgoblin!
You kill the hobgoblin!
No target in view!
No target in view!
Options error: Bad fail_severity_to_confirm: 10 should be <= 5 (~/.crawlrc:90) Welcome back, MacCMillion the Minotaur Fighter.
Press ? for a list of commands and other information.
Saving game... please wait.
Options error: Bad fail_severity_to_confirm: 10 should be <= 5 (~/.crawlrc:90) Welcome back, MacCMillion the Minotaur Fighter.
Press ? for a list of commands and other information.
Saving game... please wait.
Options error: Bad fail_severity_to_confirm: 10 should be <= 5 (~/.crawlrc:90) Welcome back, MacCMillion the Minotaur Fighter.
Press ? for a list of commands and other information.
Saving game... please wait.
Options error: Bad fail_severity_to_confirm: 10 should be <= 5 (~/.crawlrc:90) Welcome back, MacCMillion the Minotaur Fighter.
Press ? for a list of commands and other information.
Saving game... please wait.
Options error: Bad fail_severity_to_confirm: 10 should be <= 5 (~/.crawlrc:90) Welcome back, MacCMillion the Minotaur Fighter.
Press ? for a list of commands and other information.
Unknown command.
Saving game... please wait.
Options error: Bad fail_severity_to_confirm: 10 should be <= 5 (~/.crawlrc:90) Welcome back, MacCMillion the Minotaur Fighter.
Press ? for a list of commands and other information.
Are you sure you want to abandon this character and quit the game? (Confirm with "yes".)

##### ###...#
###....##
.##..#†.##
..#..##@.#
....###..#
....###..#######
...####..#......
#######.........
#.####...####
####.##<##..#
#.......##.#######
##.##.#####.#....>#


There were no monsters in sight!

Vanquished Creatures
  2 adders
  3 worms (D:2)
  A dart slug (D:2)
  7 ball pythons
  9 bats
  7 endoplasms
  2 giant cockroaches (D:2)
  8 goblins
  11 hobgoblins
  6 quokkas
  4 kobolds
  6 rats
66 creatures vanquished.

Notes
Turn   | Place    | Note
-------+----------+-------------------------------------------
     0 | D:1      | MacCMillion the Minotaur Fighter began the quest for the
                  | Orb.
     0 | D:1      | Reached XP level 1. HP: 19/19 MP: 0/0
   157 | D:1      | Reached skill level 4 in Shields
   157 | D:1      | Reached XP level 2. HP: 23/26 MP: 1/1
   778 | D:1      | Reached XP level 3. HP: 31/31 MP: 2/2
  1093 | D:2      | Identified the +9 short sword "Gokij" {flame, rCorr Int+4}
  1222 | D:2      | Found a shimmering blue altar of Sif Muna.
  1563 | D:2      | Reached XP level 4. HP: 37/39 MP: 3/3
  1705 | D:2      | Reached skill level 5 in Shields
  1902 | D:2      | Identified the +5 ring mail of Suam {rF- rC+ Int+2 Dex+7
                  | Stlth+}
  2469 | D:3      | Quit the game

Illustrated notes

Levels and vault maps discovered:
D:1:      dpeg_arrival_ratfight, layout_loops_ring, minmay_misc_feat_tower,
          minmay_misc_feat_cross, chequers_decorated_corner
D:2:      minmay_diamond_boxcup, layout_basic, serial_aquarium,
          aquarium_bridge_straight [aquarium_subvault_bridge,
          aquarium_subvault_window, aquarium_subvault_bridge,
          aquarium_subvault_wall], aquarium_bridge_long_joined
          [aquarium_subvault_wall, aquarium_subvault_wall,
          aquarium_subvault_window, aquarium_subvault_window,
          aquarium_subvault_bridge, aquarium_subvault_window],
          aquarium_window_2, aquarium_window_2, aquarium_view_2e,
          aquarium_view_2a, aquarium_pool_side, basic_altar
D:3:      layout_loops_ring, shapermc_ecumenical_altar_flowoftime, hex_large,
          chequers_serial_rivers_micro_a, hangedman_glass_teeth,
          amcnicky_mini_corridor_feature

Skill      XL: |  1  2  3  4 |
---------------+-------------+-----
Shields        | 4 5 |  5.0
Axes           | 3 4 |  4.7
Fighting       | |  3.6
Armour         | |  3.7

Action                   |  1- 3 |  4- 6 || total
-------------------------+-------+-------++-------
Melee: War axe           |   117 |    51 ||   168
       Headbutt          |    13 |     6 ||    19
Armor: Scale mail        |    64 |    25 ||    89
Dodge: Dodged            |    46 |    20 ||    66
Block: Buckler           |    24 |    12 ||    36
